 Dungeon Crawl Stone Soup version 0.32-a0-841-g4648e6c457 (webtiles) character file.

Game seed: 8486711426425030542

67 HokiCoki the Grasshopper (level 4, 23/23 HPs)
             Began as a Felid Warper on Mar 25, 2024.
             Quit the game on level 3 of the Dungeon on Apr 5, 2024.
             The game lasted 00:27:34 (2523 turns).

HokiCoki the Grasshopper (Felid Warper)             Turns: 2523, Time: 00:27:34

Health: 23/23      AC:  1    Str:  7    XL:     4   Next: 0%
Magic:  1/8        EV: 17    Int: 19    God:
Gold:   113        SH:  0    Dex: 15    Spells: 1/7 levels left
                                        Lives:  1   Deaths: 1

rFire   . .          .
                       - Unarmed
rCold   . . .        (shield unavailable)
rNeg    . . .        (body armour unavailable)
rPois   .            (helmet unavailable)
rElec   .            (cloak unavailable)
rCorr   .            (gloves unavailable)
SInv    +            (boots unavailable)
Will    .....        (no amulet)
Stlth   +            (no ring)
HPRegen 0.23/turn    (no ring)
MPRegen 0.11/turn

%: no passive effects
@: no status effects
A: very small, claws 1, fangs 3, see invisible, shaggy fur 1, stealthy paws, no
weapons or thrown items, no armour, multi-lived
a: no special abilities


You were on level 3 of the Dungeon.
You visited 1 branch of the dungeon, and saw 3 of its levels.

You collected 113 gold pieces.

Inventory:

Hand Weapons
 c - a +0 short sword
 d - a +0 dagger
 e - a +0 dagger
 f - a +0 club
 g - a +0 dagger
 i - a +0 mace
 k - a +0 club
 m - a +0 short sword
 n - a +0 dagger
 s - a +0 club
 w - a +0 club
 x - a +0 club
 y - a +0 short sword
 A - a +0 dagger
Missiles
 o - 12 stones
 p - 9 poisoned darts
Armour
 h - a +0 ring mail
 j - a +0 tower shield
 r - an orb of guile
 u - a +0 cloak
 B - the +3 robe of Feclul {Rampage Regen+ Stlth-}
   (You found it on level 3 of the Dungeon)

   Regen+:    It increases your rate of health regeneration.
   Rampage:   It bestows one free step when moving towards enemies.
   Stlth-:    It makes you less stealthy.
Scrolls
 b - a scroll of fog {unknown}
 q - 2 scrolls of identify {unknown}
 v - a scroll of enchant armour {unknown}
 z - a scroll of teleportation {unknown}
Potions
 l - a potion of ambrosia {unknown}
 t - a potion of mutation {unknown}


   Skills:
 + Level 2.2 Fighting
 + Level 4.0 Dodging
 + Level 0.2 Stealth
 + Level 2.7 Unarmed Combat
 + Level 2.3 Spellcasting
 + Level 5.3 Translocations


You had one spell level left.
You knew the following spells:

 Your Spells              Type           Power      Damage    Failure   Level
a - Momentum Strike       Conj/Tloc      24%        3d8       9%          2
b - Lesser Beckoning      Tloc           44%        N/A       2%          2
c - Blink                 Tloc           44%        N/A       2%          2

Your spell library contained the following spells:

 Spells                   Type           Power      Damage    Failure   Level
 Freeze                   Ice            8%         1d3       16%         1
 Teleport Other           Tloc           22%        N/A       5%          3
 Manifold Assault         Tloc           22%        N/A       19%         4
 Frozen Ramparts          Ice            4%         1d1       43%         3
 Hailstorm                Conj/Ice       2%         3d5       43%         3
 Vhi's Electric Charge    Tloc/Air       24%        N/A       50%         4


Dungeon Overview and Level Annotations

Branches:
Dungeon (3/15)

Altars:

Annotations:
D:3 1 runed translucent door


Innate Abilities, Weirdness & Mutations

You have sharp claws.
You have razor-sharp teeth.
You have supernaturally acute eyesight. (SInv)
You are covered in fur. (AC +1)
Your paws help you pounce on unaware monsters.
You are incapable of wielding weapons or throwing items.
You cannot wear armour.
You gain extra lives every three experience levels.


Message History

Aim: a hobgoblin, wearing a +0 leather armour (100% to hit)
The hobgoblin hurls suddenly forward!
The hobgoblin misses you.
You scratch the hobgoblin.
The hobgoblin is severely wounded.
The hobgoblin hits you.
You scratch the hobgoblin.
The hobgoblin is almost dead.
The hobgoblin closely misses you.
You scratch the hobgoblin but do no damage.
The hobgoblin is severely wounded.
You closely miss the hobgoblin.
The hobgoblin is severely wounded.
The hobgoblin closely misses you.
You scratch the hobgoblin.
You kill the hobgoblin!
You scratch the kobold.
The kobold is heavily wounded.
The kobold completely misses you.
You barely miss the kobold. You bite the kobold, but do no damage.
The kobold is heavily wounded.
The kobold barely misses you.
You scratch the kobold.
You kill the kobold!
You have reached level 4!
You feel clever.
Extra life!
Things that are here:
a +0 club; a +0 leather armour; a kobold corpse
Okay, then.
Unknown command.
Unknown command.
Level annotation: 1 runed translucent door Welcome back, HokiCoki the Felid Warper.
Press ? for a list of commands and other information.
Unknown command.
Unknown command.
Blink to where?
Press: ? - help, Q - select action, (/) - cycle Dir - move target
As you read the scroll of blinking, it crumbles to dust.
Are you sure you want to abandon this character and quit the game? (Confirm with "yes".)

######. ..+FSS
#.....# #.###
#...^.####..#
#.....[.....#
#.....####.##
#.....# #.# #.....#
#.# ### #.....# #.#
#<# #@....# #.# #.#
###.### #.# #.#####
#####.# #..
#.#...###.....#
#.#...##.#.#..#
#.#...##......#
#.#...#.#.#.#.#
#.#...#.......#
#####.#...#..#.#..#


There were no monsters in sight!

Vanquished Creatures
  2 dart slugs (D:1)
  A ribbon worm (D:2)
  4 ball pythons
  3 bats (D:1)
  5 endoplasms (D:1)
  2 giant cockroaches (D:1)
  7 goblins
  5 hobgoblins
  6 jackals
  8 kobolds
  3 quokkas (D:1)
  4 frilled lizards
  A rat (D:2)
51 creatures vanquished.

Notes
Turn   | Place    | Note
-------+----------+-------------------------------------------
     0 | D:1      | HokiCoki the Felid Warper began the quest for the Orb.
     0 | D:1      | Reached XP level 1. HP: 11/11 MP: 4/4
   386 | D:2      | Reached XP level 2. HP: 8/15 MP: 6/6
   395 | D:2      | Slain by a goblin
   395 | D:2      | Lost a life (0 lives remaining)
   506 | D:2      | Upgraded the game from 0.32-a0-834-geaf45d8e21 to
                  | 0.32-a0-841-g4648e6c457
   529 | D:2      | Reached skill level 5 in Translocations
  1246 | D:2      | Reached XP level 3. HP: 13/18 MP: 7/7
  2428 | D:3      | Learned a level 2 spell: Momentum Strike
  2431 | D:3      | Learned a level 2 spell: Lesser Beckoning
  2434 | D:3      | Learned a level 2 spell: Blink
  2460 | D:3      | Identified the +3 robe of Feclul {Rampage Regen+ Stlth-}
  2497 | D:3      | Noticed a bullfrog
  2498 | D:3      | Found a runed translucent door.
  2520 | D:3      | Reached XP level 4. HP: 23/23 MP: 0/8
  2520 | D:3      | Gained a life (1 life remaining)
  2523 | D:3      | Quit the game

Illustrated notes

Levels and vault maps discovered:
D:1:      elethiomel_arrival_maze, layout_rooms, ebering_dispersal_statue_hall,
          serial_bayou_lagoon_b
D:2:      layout_rooms
D:3:      layout_basic, ebering_ghost_sewer_d, hex_tiny

Skill      XL: |  1  2  3 |
---------------+----------+-----
Translocations | 5 |  5.3
Dodging        | 4 |  4.0
Fighting       | |  2.2
Stealth        | |  0.2
Unarmed Combat | |  2.7
Spellcasting   | |  2.3

Action                     |  1- 3 |  4- 6 || total
---------------------------+-------+-------++-------
  Melee: Unarmed           |   155 |       ||   155
         Bite              |    15 |       ||    15
         Punch             |     2 |       ||     2
   Cast: Lesser Beckoning  |     3 |       ||     3
         Momentum Strike   |     2 |       ||     2
    Use: Scroll            |       |     1 ||     1
   Stab: Sleeping          |     2 |       ||     2
 Armour: Skin              |    52 |       ||    52
  Dodge: Dodged            |   139 |       ||   139

Table legend: (Time is in decaauts)
 A = Elapsed time spent in this place.
 B = Non-inter-level travel time spent in this place.
 C = Inter-level travel time spent in this place.
 D = Time resting spent in this place.
 E = Time spent auto-exploring this place.
 F = Levels seen in this place.
 G = Mean time per level.
                   A        B        C        D        E       F      G
               +--------+--------+--------+--------+--------+-----+--------+
         Total |   2520 |   2520 |      0 |    784 |     36 |   3 |  840.0 |
       Dungeon |   2520 |   2520 |      0 |    784 |     36 |   3 |  840.0 |
               +--------+--------+--------+--------+--------+-----+--------+

Top non-repeatable levels by time:
     D:1: 1222 daAuts
     D:2: 1181 daAuts
     D:3: 116 daAuts
